Map: King Sejong Station LE

Players

HanaSong - Winner!

  • Race: Zerg Zerg
  • League: Platinum

blackxored

  • Race: Zerg Zerg
  • League: Diamond

VOD

Have the link to the VOD?

Description

Time

  • Played on: July 3, 2016, 12:39 p.m.
  • Length: 9:02
Show
View Real Time Build Order
Export as new Build Order

HanaSong Zerg - Winner!

Build Orders: Hatch First, Zergling Baneling 

Get SALT Encoding   

  12  0:03  Drone  
  13  0:08  Drone  
  14  0:16  Overlord  
  14  0:44  Hatchery  
  13  0:51  Drone  
  13  0:52  Drone  
  15  1:12  Spawning Pool  
  14  1:19  Drone x2  
  14  1:22  Extractor  
  15  1:42  Drone x3  
  18  2:01  Zergling x4  
  18  2:03  Queen  
  18  2:05  Queen  
  24  2:14  Drone x2  
  26  2:18  Extractor  
  26  2:19  Zergling x2  
  26  2:28  Extractor  
  25  2:34  Drone x3  
  28  2:48  Overlord  
  28  2:53  Metabolic Boost  
  28  2:59  Baneling Nest  
  28  3:00  Zergling x2  
  28  3:05  Overlord  
  28  3:07  Zergling x2  
  28  3:08  Zergling x2  
  28  3:11  Zergling x2  
  30  3:25  Zergling x8  
  30  3:26  Zergling x2  
  32  3:33  Zergling x2  
  32  3:34  Zergling x2  
  30  3:36  Zergling x2  
  31  3:52  Overlord  
  31  3:54  Baneling x2  
  31  3:55  Drone x2  
  33  3:59  Drone  
  33  4:02  Baneling  
  34  4:03  Baneling  
  34  4:05  Baneling  
  34  4:08  Baneling  
  34  4:09  Baneling  
  34  4:11  Baneling  
  32  4:18  Zergling x4  
  29  4:33  Zergling x8  
  33  4:44  Zergling x6  
  34  4:49  Baneling x2  
  34  4:50  Drone  
  34  4:51  Drone  
  35  4:57  Drone  
  36  5:01  Drone  
  36  5:19  Drone x2  
  36  5:20  Drone x2  
  36  5:21  Baneling x4  
  34  5:35  Zergling x8  
  36  5:45  Zergling x4  
  36  5:49  Queen  
  37  5:53  Lair  
  39  5:57  Extractor x2, Drone  
  39  5:58  Drone  
  39  6:00  Baneling  
  39  6:03  Baneling  
  39  6:07  Baneling  
  39  6:08  Baneling x2  
  40  6:11  Drone x2  
  40  6:18  Drone x3  
  43  6:36  Baneling  
  43  6:38  Drone  
  43  6:39  Drone x4  
  47  6:58  Zergling x8  
  47  6:59  Overlord  
  50  7:03  Spire  
  50  7:04  Spore Crawler  
  50  7:06  Spore Crawler  
  47  7:10  Zergling x4  
  49  7:15  Drone  
  49  7:16  Drone  
  49  7:19  Drone x3  
  53  7:24  Baneling x3  
  53  7:25  Baneling  
  51  7:30  Baneling x2  
  51  7:35  Zergling x2  
  51  7:36  Zergling x4  
  54  7:41  Evolution Chamber  
  54  7:42  Spine Crawler  
  50  7:46  Evolution Chamber  
  49  7:55  Baneling  
  49  7:56  Baneling x2  
  49  7:57  Baneling  
  49  7:58  Overlord  
  49  8:01  Zergling x2  
  49  8:02  Zergling x8  
  53  8:06  Zergling x2  
  53  8:16  Mutalisk x2  
  53  8:17  Mutalisk x2  
  53  8:19  Spine Crawler  
  60  8:23  Baneling x2  
  60  8:24  Baneling  
  58  8:34  Mutalisk x3  
Show
View Real Time Build Order
Export as new Build Order

blackxored Zerg 

Build Orders: Pool First, Zergling Baneling 

Get SALT Encoding   

  12  0:02  Drone  
  13  0:16  Extractor, Drone  
  13  0:19  Drone  
  14  0:35  Spawning Pool  
  14  0:40  Drone  
  14  0:44  Extractor  
  14  0:45  Drone  
  15  0:52  Overlord  
  15  1:26  Baneling Nest  
  14  1:39  Queen  
  14  1:41  Zergling x6  
  14  1:43  Metabolic Boost  
  19  1:52  Overlord  
  19  2:06  Zergling x2  
  20  2:13  Drone  
  21  2:26  Zergling x2  
  22  2:33  Baneling x4  
  22  2:40  Hatchery  
  22  2:42  Zergling x2  
  22  2:55  Zergling x6  
  22  2:57  Zergling x2  
  22  3:28  Zergling x8  
  22  3:29  Zergling x2  
  25  3:44  Baneling x2  
  25  3:45  Baneling  
  25  3:50  Queen  
  25  3:52  Drone x2  
  29  3:58  Baneling  
  29  4:03  Baneling  
  29  4:09  Baneling x2  
  29  4:10  Zergling x6  
  29  4:13  Drone  
  29  4:16  Drone  
  26  4:35  Zergling x10  
  31  4:43  Zergling x2  
  29  4:56  Baneling x3  
  29  4:57  Baneling x2  
  29  5:03  Spine Crawler  
  28  5:18  Zergling x12  
  30  5:37  Baneling x3  
  28  5:46  Zergling x10  
  28  5:47  Zergling x4  
  33  5:53  Drone x2  
  35  5:59  Zergling x2  
  36  6:06  Baneling x2  
  36  6:08  Baneling  
  36  6:20  Overlord x2  
  35  6:37  Zergling x2  
  35  6:39  Overlord x2  
  35  6:46  Drone x5  
  33  6:55  Zergling x6  
  36  7:03  Zergling x4  
  36  7:07  Zergling x2  
  39  7:13  Zergling x2  
  40  7:22  Zergling x2  
  35  7:23  Zergling x2  
  35  7:26  Queen  
  36  7:30  Baneling  
  36  7:31  Baneling  
  36  7:32  Zergling x6  
  36  7:33  Zergling x2  
  40  7:39  Zergling x6  
  41  7:47  Zergling x2  
  42  8:04  Zergling x16  
  48  8:11  Zergling x2  
  48  8:12  Zergling x2  
  47  8:27  Zergling x10  
Tags
 
Add a new tag
Caveats
  • Supply blocks, unpowered buildings, or Contaminate may cause inaccurate times.
  • Supply counts are checked every 10 seconds.